 Dungeon Crawl Stone Soup version 0.31-a0-233-g139696dc86 (webtiles) character file.

Game seed: 17746556026746168383

161275 RepHenryClay the Acrobat (level 18, -6/124 HPs)
             Began as a Djinni Earth Elementalist on July 6, 2023.
             Was the Champion of Makhleb.
             Killed from afar by a shock serpent (14 damage)
             ... with a bolt of electricity
             ... on level 3 of the Snake Pit on July 9, 2023.
             The game lasted 01:20:37 (35225 turns).

RepHenryClay the Acrobat (DjEE)                    Turns: 35225, Time: 01:20:38

Health: -6/124     AC:  7    Str:  9    XL:     18   Next: 41%
Gold:   1853       EV: 36    Int: 30    God:    Makhleb [******] SH:  0 Dex: 22

rFire   + + +        E - +5 quarterstaff of Dissolution {flame, Fragile Str+2 Dex+7 SInv}
rCold   + . .        (shield currently unavailable)
rNeg    . . .        O - +2 robe {rC+}
rPois   ∞            p - +1 helmet
rElec   .            S - scarf {rC+ rF+}
rCorr   .            A - +0 pair of gloves
SInv    +            (boots unavailable)
Will    +....        (no amulet)
Stlth   +++          b - +6 ring of intelligence
HPRegen 0.40/turn    G - +5 ring of evasion
MPRegen 0.00/turn

%: infuse magic (-7 HP)
@: flying
A: sickness immunity, fire resistance 2, cold vulnerability 1, float, innate
caster, HP casting, extra vitality 1
a: Renounce Religion, Minor Destruction, Lesser Servant of Makhleb, Major
Destruction, Greater Servant of Makhleb


You were on level 3 of the Snake Pit.
You worshipped Makhleb.
Makhleb was exalted by your worship.
You visited 6 branches of the dungeon, and saw 27 of its levels.
You also visited: Sewer, Ossuary and Ice Cave.

You collected 3035 gold pieces.
You spent 1182 gold pieces at shops.

Inventory:

Hand Weapons
 a - a +0 dagger of electrocution
 E - the +5 quarterstaff of Dissolution (weapon) {flame, Fragile Str+2 Dex+7 SInv}
   (You found it on level 8 of the Dungeon)

   Str:       It affects your strength (+2).
   Dex:       It affects your dexterity (+7).
   SInv:      It lets you see invisible.
   Fragile:   It will be destroyed if unequipped.
 I - a +2 vampiric lajatang
Missiles
 x - 4 throwing nets
Armour
 p - a +1 helmet (worn)
 q - a +2 robe of willpower
 A - a +0 pair of gloves (worn)
 N - a +2 tower shield of cold resistance
 O - a +2 robe of cold resistance (worn)
 S - a scarf of resistance (worn)
 U - a +0 cloak of cold resistance
Magical Staves
 l - a staff of fire
 M - a staff of earth
 Q - a staff of conjuration
 T - a staff of air
Jewellery
 b - a +6 ring of intelligence (left hand)
 d - a +5 ring of evasion
 t - a ring of protection from cold
 G - a +5 ring of evasion (right hand)
 L - a ring of resist corrosion
Wands
 m - a wand of roots (27)
 o - a wand of paralysis (15)
 r - a wand of mindburst (13)
 H - a wand of digging (9)
Scrolls
 e - a scroll of torment
 f - 2 scrolls of revelation
 g - 5 scrolls of fog
 i - 7 scrolls of teleportation
 j - 2 scrolls of fear
 k - 3 scrolls of poison
 w - 4 scrolls of enchant weapon
 y - 2 scrolls of enchant armour
 B - 2 scrolls of vulnerability
 C - 2 scrolls of silence
 D - 8 scrolls of identify {@r1}
 V - a scroll of blinking
Potions
 c - 10 potions of curing
 h - 3 potions of cancellation
 n - 4 potions of heal wounds
 s - 5 potions of haste
 u - 3 potions of mutation
 v - 4 potions of brilliance
 z - 3 potions of ambrosia
 F - a potion of resistance
 J - 2 potions of attraction
 K - 8 potions of might
 P - 3 potions of invisibility
 R - 2 potions of enlightenment


   Skills:
 - Level 10.0 Fighting
 + Level 22.5 Dodging
 - Level 5.0 Stealth
 + Level 16.1 Spellcasting
 + Level 16.1 Conjurations
 + Level 16.1 Hexes
 + Level 16.1 Summonings
 + Level 16.1 Necromancy
 + Level 16.1 Translocations
 + Level 16.1 Transmutations
 + Level 16.1 Fire Magic
 + Level 16.1 Ice Magic
 + Level 16.1 Air Magic
 + Level 16.1 Earth Magic
 + Level 16.1 Poison Magic


You knew the following spells:

 Your Spells              Type           Power      Damage    Failure   Level
a - Stone Arrow           Conj/Erth      100%       3d13      0%          3
b - Passwall              Tmut/Erth      73%        N/A       0%          2
c - Sandblast             Erth           100%       2d20      0%          1
d - Petrify               Tmut/Erth      88%        N/A       1%          4
e - Kiss of Death         Conj/Necr      100%       2d13      0%          1
g - Tukima's Dance        Hex            88%        N/A       0%          3
h - Lee's Rapid Deconstr  Erth           44%        3d21*     1%          5
i - Yara's Violent Unrav  Hex/Tmut       44%        3d17      1%          5
j - Leda's Unmaking       Conj/Erth      44%        9d7       1%          6
k - Enfeeble              Hex            44%        N/A       1%          7
Q - Blink                 Tloc           100%       N/A       0%          2
W - Swiftness             Air            88%        N/A       0%          3
Your spell library was empty.

Dungeon Overview and Level Annotations

Branches:
Dungeon (15/15)            Temple (1/1) D:5            Lair (5/5) D:9
 Shoals (1/4) Lair:2        Snake (3/4) Lair:3        Slime (0/5) Lair:5
    Orc (2/2) D:9             Elf (0/3) Orc:2        Vaults (0/5) D:14
 Depths (0/4) D:15          Sewer (visited)         Ossuary (visited)
  IceCv (visited)

Altars:
Ashenzari
Cheibriados
Dithmenos
Elyvilon
Fedhas
Gozag
Hepliaklqana
Makhleb
Nemelex Xobeh
Okawaru
Qazlal
Ru
Trog
Uskayaw
Wu Jian
Xom
Yredelemnul
Zin
The Shining One

Shops:
Orc:1 (   Orc:2 **:(   Snake:1 *?(**

Annotations:
D:3 1 runed translucent door, Crazy Yiuf
D:5 exclusion: statue
D:11 3 runed translucent doors, prawn's ghost, journeyman HOMo; promet's ghost, journeyman HOFi
Shoals:1 !nikola, 2 exclusions, Nikola
Snake:3 Agnes
Orc:1 unfinished


Innate Abilities, Weirdness & Mutations

You are immune to sickness and miasma.
You are immune to poison.
Your flesh is very heat resistant. (rF++)
You are vulnerable to cold. (rC-)
You float through the air rather than walking.
You learn spells naturally, not from books.
Your magical power is your life essence.
You have superior vitality. (+4 MHP)


Message History

The air sparks with electricity, shocking you!
Damage: -8%(-9hp) hp: 59%(73hp)
Casting: Leda's Unmaking (mildly dangerous; 1% risk of failure)
Confirm with . or Enter, or press ? or * to list all spells.
Aiming: Leda's Unmaking (mildly dangerous; 1% risk of failure)
Press: ? - help, Shift-Dir - straight line, f/p - guardian serpent
Aim: a guardian serpent (covering ground slowly, 64% to hit)
The entropic shot misses the guardian serpent.
The guardian serpent completely misses you.
A naga comes into view. It is wielding a +0 flail.
Damage: -4%(-5hp) hp: 55%(68hp)
Casting: Leda's Unmaking (mildly dangerous; 1% risk of failure)
Confirm with . or Enter, or press ? or * to list all spells.
Aiming: Leda's Unmaking (mildly dangerous; 1% risk of failure)
Press: ? - help, Shift-Dir - straight line, f/p - guardian serpent
Aim: a guardian serpent (covering ground slowly, 64% to hit)
The entropic shot hits the guardian serpent!!!
The guardian serpent dissolves into mud!
You kill the guardian serpent!
Makhleb accepts your kill.
You feel better.
Damage: -1%(-2hp) hp: 54%(66hp)
Casting: Leda's Unmaking (mildly dangerous; 1% risk of failure)
Confirm with . or Enter, or press ? or * to list all spells.
Aiming: Leda's Unmaking (mildly dangerous; 1% risk of failure)
Press: ? - help, Shift-Dir - straight line, f - shock serpent
Aim: a shock serpent (60% to hit)
The entropic shot hits the shock serpent!!!
The shock serpent is severely wounded.
The shock serpent's electric aura discharges, shocking you!
You hear a shout!
The shock serpent shoots out a bolt of lightning at you!
The bolt of electricity hits you!!
* * * LOW HITPOINT WARNING * * *
The bolt of electricity misses you.
The shock serpent shoots out a bolt of lightning at you!
The bolt of electricity hits you!!
* * * LOW HITPOINT WARNING * * *
The bolt of electricity hits you!
You die...

#.. N#..
..N.. ..N..##
...^..#
#..... #..S
####### ##
####
##....@###. #
###.#####~#S#
#.+.....)S#.#
#.#...8...).#
#.........#N#
#.#.#####.#N#
#.##.....###.
# #
#..####### ##
#.#######
#........#
#...#....


You could see a shock serpent, a naga mage and a naga.

Vanquished Creatures
  An Ice Fiend (IceCv)
  Kirke (Lair:3)
  A nagaraja (Snake:3)
  Aizul (Snake:2)
  A merfolk javelineer (Shoals:1)
  3 vault guards (D:14)
  Josephine (Orc:1)
  11 hydras
  An ice dragon (Snake:1)
  3 fire dragons
  Erolcha (Orc:1)
  2 caustic shrike simulacra (IceCv)
  2 anacondas
  Erica (Lair:2)
  2 two-headed ogres
  3 centaur warriors
  2 catoblepae
  A merfolk avatar (Shoals:1)
  3 boulder beetles
  A death knight (D:13)
  8 naga warriors
  11 death yaks
  4 tengu warriors
  3 orc high priests (Orc:2)
  3 shock serpents
  5 naga sharpshooters (Snake:1)
  Sonja (Orc:1)
  A deep elf knight (D:14)
  A sea snake (Shoals:1)
  3 skysharks
  12 skeletal warriors
  3 naga ritualists
  A bog body (IceCv)
  An orange crystal statue (D:13)
  A phantasmal warrior (D:13)
  A swamp dragon (Lair:5)
  2 lindwurms (Lair:5)
  5 wizards
  4 spriggan simulacra (IceCv)
  An obsidian statue (IceCv)
  8 orc knights
  A necromancer (D:15)
  2 deep elf pyromancers
  6 mana vipers
  8 orc sorcerers
  A faun (Shoals:1)
  3 salamanders
  22 ugly things
  2 centaur zombies (D:15)
  7 cyclopes
  A naga mage (Snake:2)
  2 manticores
  A merfolk siren (Shoals:1)
  19 elephants
  2 guardian serpents
  2 water nymphs (Shoals:1)
  Maurice (D:9)
  8 torpor snails
  22 black mambas
  16 cane toads
  2 gargoyles
  A centaur skeleton (D:15)
  8 komodo dragons
  3 efreet
  An unseen horror (D:12)
  3 kobold demonologists
  3 tengu conjurers
  9 ice devils (IceCv)
  2 rime drakes
  7 freezing wraiths
  An anaconda simulacrum (IceCv)
  3 merfolk (Shoals:1)
  3 meliai
  7 trolls
  3 wind drakes (Shoals:1)
  9 polar bears
  3 tyrant leeches (Lair:5)
  16 blink frogs
  8 hornets
  19 dream sheep
  3 snapping turtles (Shoals:1)
  8 slime creatures (D:12)
  3 centaur simulacra (D:15)
  7 wraiths
  2 dire elephant simulacra (IceCv)
  A shadow (D:11)
  25 yaks
  A vampire (D:11)
  A water elemental (Shoals:1)
  4 wyverns
  8 basilisks
  11 minotaur simulacra (IceCv)
  3 steam dragons
  4 vampire mosquitoes (D:11)
  A harpy simulacrum (IceCv)
  3 wargs
  4 acid dragons
  15 nagas
  2 hydra simulacra (IceCv)
  23 orc warriors
  11 water moccasins
  2 ettin simulacra (IceCv)
  2 swamp drakes (Lair:5)
  Pargi (Sewer)
  2 ice beasts
  3 black bears
  2 alligator simulacra (IceCv)
  9 ogres
  8 wolves
  9 centaurs
  3 kobold brigands
  A gnoll sergeant (D:8)
  7 bullfrogs
  4 scorpions
  11 deep troll simulacra (IceCv)
  5 wights (D:8)
  10 killer bees
  A lindwurm simulacrum (IceCv)
  3 howler monkeys (D:7)
  5 electric eels
  4 lava snakes (Lair:3)
  A jelly (D:7)
  2 hounds
  21 orc priests
  7 iguanas
  A sleepcap (D:6)
  28 orc wizards
  A mummy (Ossuary)
  12 adders
  2 river rats (D:3)
  13 gnolls
  A shadow imp (D:6)
  2 ufetubi (D:6)
  2 worms (D:3)
  A dart slug (D:3)
  73 orcs
  4 spectral bats (Ossuary)
  6 bats
  3 bat skeletons (D:6)
  3 bat zombies (D:6)
  5 endoplasms
  2 giant cockroaches
  12 gnoll zombies (Ossuary)
  8 goblins
  2 hobgoblins (D:3)
  3 jackals (D:2)
  2 quokkas
  11 ball pythons
  2 bat simulacra (Ossuary)
  5 frilled lizards
  4 goblin simulacra (Ossuary)
  6 goblin zombies (Ossuary)
  2 hobgoblin zombies (Ossuary)
  19 kobolds
  3 kobold simulacra (Ossuary)
  7 kobold zombies (Ossuary)
  3 orc zombies (Ossuary)
  7 rats
  2 rat simulacra (Ossuary)
  2 spectral goblins (Ossuary)
  3 spectral kobolds (Ossuary)
  2 spectral rats (Ossuary)
885 creatures vanquished.

Vanquished Creatures (collateral kills)
  A merfolk (Shoals:1)
1 creature vanquished.

Vanquished Creatures (others)
  A naga warrior (Snake:3)
  2 dancing weapons (Shoals:1)
  A human (Lair:4)
  2 orc priests (Orc:2)
  3 orcs
9 creatures vanquished.

Grand Total: 895 creatures vanquished

Notes
Turn   | Place    | Note
-------+----------+-------------------------------------------
     0 | D:1      | RepHenryClay the Djinni Earth Elementalist began the quest
                  | for the Orb.
     0 | D:1      | RepHenryClay set off with the following spells memorised:
                  | Sandblast, Passwall, Stone Arrow, Petrify.
     0 | D:1      | Reached XP level 1. HP: 15/15 MP: 0/0
   251 | D:1      | Reached XP level 2. HP: 14/21 MP: 0/0
   283 | D:1      | Found a faded altar of an unknown god.
   444 | D:1      | Upgraded the game from 0.31-a0-229-g1fc7ce93e2 to
                  | 0.31-a0-233-g139696dc86
   642 | D:2      | Reached XP level 3. HP: 19/25 MP: 0/0
   642 | D:2      | Learned a level 1 spell: Kiss of Death
  1058 | D:2      | Reached skill level 3 in Dodging
  1330 | D:3      | Reached XP level 4. HP: 29/31 MP: 0/0
  1412 | D:3      | Found a glowing silver altar of Zin.
  1435 | D:3      | Reached XP level 5. HP: 6/35 MP: 0/0
  1435 | D:3      | Learned a level 2 spell: Blink
  1670 | D:3      | Found a glowing drain.
  1757 | Sewer    | Entered a sewer
  1876 | Sewer    | Noticed Pargi
  1929 | Sewer    | Killed Pargi
  1930 | Sewer    | Reached skill level 4 in Dodging
  1930 | Sewer    | Reached XP level 6. HP: 34/40 MP: 0/0
  2270 | D:3      | Found a glowing golden altar of the Shining One.
  2524 | D:3      | Found a runed translucent door.
  2525 | D:3      | Noticed Crazy Yiuf
  2805 | D:3      | Reached XP level 7. HP: 33/45 MP: 0/0
  2805 | D:3      | Learned a level 3 spell: Swiftness
  2904 | D:4      | Reached skill level 5 in Dodging
  3666 | D:5      | Entered Level 5 of the Dungeon
  3916 | D:5      | Found a staircase to the Ecumenical Temple.
  3925 | Temple   | Entered the Ecumenical Temple
  3930 | Temple   | Became a worshipper of Makhleb the Destroyer
  4163 | D:5      | Reached XP level 8. HP: 39/46 MP: 0/0
  4304 | D:5      | Reached skill level 6 in Dodging
  4304 | D:5      | Reached skill level 5 in Stealth
  4840 | D:6      | Found a sparkling altar of Nemelex Xobeh.
  4878 | D:6      | Reached skill level 5 in Spellcasting
  4878 | D:6      | Reached skill level 5 in Conjurations
  4878 | D:6      | Reached skill level 5 in Hexes
  4878 | D:6      | Reached skill level 5 in Summonings
  4878 | D:6      | Reached skill level 5 in Necromancy
  4878 | D:6      | Reached skill level 5 in Translocations
  4878 | D:6      | Reached skill level 5 in Transmutations
  4878 | D:6      | Reached skill level 5 in Fire Magic
  4878 | D:6      | Reached skill level 5 in Ice Magic
  4878 | D:6      | Reached skill level 5 in Air Magic
  4878 | D:6      | Reached skill level 5 in Earth Magic
  4878 | D:6      | Reached skill level 5 in Poison Magic
  5059 | D:6      | Reached * piety under Makhleb
  5148 | D:6      | Reached skill level 7 in Dodging
  5507 | D:6      | Reached XP level 9. HP: 49/55 MP: 0/0
  5507 | D:6      | Learned a level 3 spell: Tukima's Dance
  5607 | D:7      | Reached skill level 8 in Dodging
  6488 | D:8      | Reached skill level 9 in Dodging
  6553 | D:8      | Found a sand-covered staircase.
  6558 | Ossuary  | Entered an ossuary
  6573 | Ossuary  | Reached ** piety under Makhleb
  6777 | Ossuary  | Reached *** piety under Makhleb
  7012 | D:8      | Identified the +5 quarterstaff of Dissolution {flame,
                  | Fragile Str+2 Dex+7 SInv}
  7194 | D:8      | Noticed a hornet
  7198 | D:8      | Killed a hornet
  7466 | D:8      | Identified the +0 robe of the Game of Life {rPois Dex+3}
  7635 | D:8      | Reached XP level 10. HP: 49/60 MP: 0/0
  7959 | D:9      | Noticed a death yak
  7975 | D:9      | Killed a death yak
  7976 | D:9      | Reached skill level 10 in Dodging
  8058 | D:9      | Noticed a death yak
  8061 | D:9      | Found a staircase to the Lair.
  8062 | D:9      | Noticed a death yak
  8063 | D:9      | Noticed a death yak
  8143 | D:9      | Reached **** piety under Makhleb
  8247 | D:9      | Noticed a death yak
  8257 | D:8      | Killed a death yak
  8258 | D:8      | Reached skill level 11 in Dodging
  8297 | D:9      | Noticed Maurice
  8301 | D:9      | Killed Maurice
  8341 | D:9      | Noticed a tengu warrior
  8348 | D:9      | Killed a tengu warrior
  8349 | D:9      | Reached XP level 11. HP: 51/65 MP: 0/0
  8349 | D:9      | Learned a level 5 spell: Lee's Rapid Deconstruction
  8424 | D:9      | Found a staircase to the Orcish Mines.
  8428 | D:9      | Noticed a two-headed ogre
  8433 | D:9      | Killed a two-headed ogre
  8434 | D:9      | Reached skill level 12 in Dodging
  8596 | D:9      | Noticed a cyclops
  8601 | D:9      | Killed a cyclops
  8733 | D:9      | Killed a death yak
  8949 | D:9      | Killed a death yak
  9224 | D:9      | Killed a death yak
  9225 | D:9      | Reached skill level 13 in Dodging
  9617 | D:9      | Found a staircase to the Lair.
  9725 | D:9      | Found a staircase to the Orcish Mines.
  9914 | D:10     | Entered Level 10 of the Dungeon
 10090 | D:10     | Found a shadowy altar of Dithmenos.
 10355 | D:10     | Found a basalt altar of Yredelemnul.
 10617 | D:11     | Noticed a boulder beetle
 10624 | D:11     | Killed a boulder beetle
 10983 | D:11     | Reached XP level 12. HP: 67/70 MP: 0/0
 11160 | D:11     | Reached ***** piety under Makhleb
 11179 | D:11     | Found a runed translucent gate.
 11180 | D:11     | Found a runed translucent gate.
 11181 | D:11     | Found a runed translucent gate.
 11182 | D:11     | Noticed prawn's ghost (journeyman HOMo)
 11182 | D:11     | Noticed promet's ghost (journeyman HOFi)
 11395 | D:11     | Reached skill level 14 in Dodging
 11395 | D:11     | Reached skill level 10 in Spellcasting
 11395 | D:11     | Reached skill level 10 in Conjurations
 11395 | D:11     | Reached skill level 10 in Hexes
 11395 | D:11     | Reached skill level 10 in Summonings
 11395 | D:11     | Reached skill level 10 in Necromancy
 11395 | D:11     | Reached skill level 10 in Translocations
 11395 | D:11     | Reached skill level 10 in Transmutations
 11395 | D:11     | Reached skill level 10 in Fire Magic
 11395 | D:11     | Reached skill level 10 in Ice Magic
 11395 | D:11     | Reached skill level 10 in Air Magic
 11395 | D:11     | Reached skill level 10 in Earth Magic
 11395 | D:11     | Reached skill level 10 in Poison Magic
 11692 | Orc:1    | Entered Level 1 of the Orcish Mines
 11851 | Orc:2    | Entered Level 2 of the Orcish Mines
 11936 | Orc:1    | Noticed Erolcha
 12103 | Lair:1   | Entered Level 1 of the Lair of Beasts
 12584 | Lair:1   | Reached skill level 15 in Dodging
 13037 | Lair:1   | Noticed a five-headed hydra
 13139 | Lair:2   | Noticed a four-headed hydra
 13145 | Lair:2   | Killed a four-headed hydra
 13245 | Lair:2   | Found a staircase to the Shoals.
 13359 | Lair:2   | Reached XP level 13. HP: 63/75 MP: 0/0
 13359 | Lair:2   | Learned a level 5 spell: Yara's Violent Unravelling
 13756 | Lair:2   | Noticed Erica
 13761 | Lair:2   | Killed Erica
 14333 | Lair:3   | Reached skill level 16 in Dodging
 14400 | Lair:3   | Reached skill level 1 in Fighting
 14719 | Lair:3   | Noticed an eight-headed hydra
 14727 | Lair:3   | Killed an eight-headed hydra
 14728 | Lair:3   | Reached skill level 5 in Fighting
 15355 | Lair:3   | Found a staircase to the Snake Pit.
 15724 | Lair:3   | Noticed a four-headed hydra
 15731 | Lair:3   | Killed a four-headed hydra
 16268 | Lair:4   | Noticed a six-headed hydra
 16300 | Lair:4   | Killed a six-headed hydra
 16301 | Lair:4   | Reached XP level 14. HP: 90/96 MP: 0/0
 16765 | Lair:4   | Noticed Kirke
 16780 | Lair:3   | Killed Kirke
 16886 | Lair:4   | Reached skill level 17 in Dodging
 17468 | Lair:5   | Entered Level 5 of the Lair of Beasts
 18145 | Lair:5   | Found a staircase to the Slime Pits.
 18335 | Lair:5   | Reached skill level 18 in Dodging
 18399 | Lair:5   | Found a runed translucent door.
 19246 | Lair:5   | Reached XP level 15. HP: 87/101 MP: 0/0
 19246 | Lair:5   | Learned a level 6 spell: Leda's Unmaking
 19565 | Lair:5   | Reached ****** piety under Makhleb
 21047 | Orc:1    | Noticed Sonja
 21048 | Orc:1    | Killed Erolcha
 21053 | Orc:1    | Killed Sonja
 21170 | Orc:1    | Found Kiorchor's Antique Weapon Boutique.
 21663 | Orc:2    | Reached skill level 19 in Dodging
 22006 | Orc:2    | Found a staircase to the Elven Halls.
 23071 | Orc:2    | Found Ufryaxzo's Weapon Shoppe.
 23071 | Orc:2    | Found Tuall's General Store.
 23073 | Orc:2    | Found Puofrov's Book Shoppe.
 23073 | Orc:2    | Found Ukixton's Assorted Antiques.
 23083 | Orc:2    | Bought a wand of digging (5) for 609 gold pieces
 23083 | Orc:2    | Bought a fizzy golden potion for 26 gold pieces
 23085 | Orc:2    | Bought a scroll of identify for 20 gold pieces
 23134 | Orc:1    | Noticed Josephine
 23503 | Orc:1    | Killed Josephine
 24287 | D:12     | Reached XP level 16. HP: 76/110 MP: 0/0
 25576 | D:13     | Reached skill level 10 in Fighting
 26472 | D:14     | Found a stormy altar of Qazlal.
 27186 | D:14     | Reached skill level 20 in Dodging
 27674 | D:14     | Found a gate to the Vaults.
 27847 | D:15     | Entered Level 15 of the Dungeon
 28361 | D:15     | Reached XP level 17. HP: 85/119 MP: 0/0
 28361 | D:15     | Learned a level 7 spell: Enfeeble
 28625 | D:15     | Found a staircase to the Depths.
 29140 | Shoals:1 | Entered Level 1 of the Shoals
 29384 | Shoals:1 | Reached skill level 15 in Spellcasting
 29384 | Shoals:1 | Reached skill level 15 in Conjurations
 29384 | Shoals:1 | Reached skill level 15 in Hexes
 29384 | Shoals:1 | Reached skill level 15 in Summonings
 29384 | Shoals:1 | Reached skill level 15 in Necromancy
 29384 | Shoals:1 | Reached skill level 15 in Translocations
 29384 | Shoals:1 | Reached skill level 15 in Transmutations
 29384 | Shoals:1 | Reached skill level 15 in Fire Magic
 29384 | Shoals:1 | Reached skill level 15 in Ice Magic
 29384 | Shoals:1 | Reached skill level 15 in Air Magic
 29384 | Shoals:1 | Reached skill level 15 in Earth Magic
 29384 | Shoals:1 | Reached skill level 15 in Poison Magic
 29547 | Shoals:1 | Reached skill level 21 in Dodging
 30784 | Shoals:1 | Noticed Nikola
 31456 | Snake:1  | Entered Level 1 of the Snake Pit
 31468 | Snake:1  | You are sucked into a shaft and drop 1 floor!
 31529 | Snake:1  | Found Jobriuri's Antique Weapon Shop.
 31587 | Snake:1  | Found Qucs's Assorted Antiques.
 31600 | Snake:1  | Bought 2 scrolls of teleportation for 114 gold pieces
 31808 | Snake:1  | Identified a scroll of acquirement
 31817 | Snake:1  | Found a frozen archway.
 31822 | Snake:1  | Acquired a +2 vampiric lajatang
 31825 | IceCv    | Entered an ice cave
 32532 | IceCv    | Noticed an Ice Fiend
 32536 | IceCv    | Killed an Ice Fiend
 32613 | IceCv    | Reached skill level 22 in Dodging
 32672 | IceCv    | Reached XP level 18. HP: 111/124 MP: 0/0
 32985 | Snake:1  | Found Qyniz's Assorted Antiques.
 32989 | Snake:1  | Bought a scroll of teleportation for 78 gold pieces
 32989 | Snake:1  | Bought a glowing robe for 96 gold pieces
 32989 | Snake:1  | Bought a scroll of teleportation for 78 gold pieces
 33117 | Snake:1  | Found Kidwul's Magic Scroll Shoppe.
 33195 | Snake:1  | Bought a scroll of blinking for 105 gold pieces
 33195 | Snake:1  | Bought a scroll of fear for 56 gold pieces
 33202 | Snake:1  | Found Nihonud's General Store.
 34073 | Snake:2  | Noticed Aizul
 34173 | Snake:2  | Killed Aizul
 34892 | Snake:3  | Noticed Agnes
 35225 | Snake:3  | Killed from afar by a shock serpent

Illustrated notes

Levels and vault maps discovered:
D:1:      ebering_trefoil_twist, layout_basic,
          shapermc_ecumenical_altar_mp_urbaneastern
D:2:      layout_basic, dk_noncrumbling_3, serial_bayou_pond_b,
          grunt_decor_clamped
D:3:      layout_rooms, lemuel_doored_altar, mainiacjoe_overflow_alcove_2,
          portal_sewer_entry_b, uniq_crazy_yiuf_cottage
D:4:      layout_cave_pools
D:5:      layout_loops_ring, vehumet_statue,
          minmay_temple_entry_drinking_statues
D:6:      layout_loops_ring, kennysheep_vampire_church,
          mainiacjoe_overflow_cross_hatched, chequers_mini_garden,
          kennysheep_cross_bottleneck
D:7:      layout_basic
D:8:      layout_loops_corners, enter_ossuary_2
D:9:      layout_loops_ring, dpeg_lair_monsters, orc_0_dummy, uniq_maurice
D:10:     layout_roguey, grunt_dithmenos_smoke, old_standard_altar
D:11:     layout_irregular_city, gammafunk_ghost_cemetery,
          kennysheep_generic_room_3
D:12:     layout_stronghold
D:13:     layout_long_grid, minivault_16
D:14:     layout_cave_pools, grunt_vaults_entry_fortified,
          hangedman_abyss_or_decor_passed, serial_rivers,
          chequers_serial_rivers_small_b, chequers_serial_rivers_micro_e,
          chequers_serial_rivers_large_a, chequers_serial_rivers_micro_a,
          nicolae_qazlal_scattered_showers
D:15:     grunt_enter_depths_magical_seal, layout_small_grid,
          palyth_stone_intersect, chequers_serial_rivers_small_b
Temple:   minmay_freezing_vapour_temple
Lair:1:   layout_gridlike, pdpol_lair_cavern_descent
Lair:2:   layout_cave_pods, elwin_shoals_entry_rocks, minivault_25, uniq_erica
Lair:3:   layout_chaotic_city, nicolae_snake_entry_warm_welcome,
          grunt_megastairs_4, serial_bayou_shore_a, infiniplex_staircase_pool_2
Lair:4:   layout_cave_pods, uniq_kirke
Lair:5:   wormcave, layout_gridlike, guppyfry_lair_end_dragon, slime_entry_1
Shoals:1: layout_shoals, uniq_nikola
Snake:1:  layout_gridlike, serial_curves, eino_curves_03, eino_curves_04,
          portal_ice_cave_entry_dragon, serial_shops, shop, shop,
          nicolae_shop_tiny_glass, shop, nicolae_shop_pleasant_corner_grove
Snake:2:  layout_misc_corridors, uniq_aizul
Snake:3:  layout_rooms, grunt_megastairs_1, minmay_shop_grove, uniq_roxanne,
          uniq_mara, uniq_agnes
Orc:1:    layout_diamond_mine, serial_shops, shop, uniq_erolcha, uniq_sonja,
          uniq_josephine
Orc:2:    grunt_orc_tribal_feast, layout_caves, nicolae_orc_pool_cavern,
          nicolae_orc_lava_room

Skill      XL: |  1  2  3  4  5  6  7  8  9 10 11 12 13 14 15 16 17 18 |
---------------+-------------------------------------------------------+-----
Spellcasting   | 4 5 6 8 9 11 12 13 14 15 16 | 16.1
Conjurations   | 4 5 6 8 9 11 12 13 14 15 16 | 16.1
Hexes          | 4 5 6 8 9 11 12 13 14 15 16 | 16.1
Summonings     | 4 5 6 8 9 11 12 13 14 15 16 | 16.1
Necromancy     | 4 5 6 8 9 11 12 13 14 15 16 | 16.1
Translocations | 4 5 6 8 9 11 12 13 14 15 16 | 16.1
Transmutations | 4 5 6 8 9 11 12 13 14 15 16 | 16.1
Fire Magic     | 4 5 6 8 9 11 12 13 14 15 16 | 16.1
Ice Magic      | 4 5 6 8 9 11 12 13 14 15 16 | 16.1
Air Magic      | 4 5 6 8 9 11 12 13 14 15 16 | 16.1
Earth Magic    | 4 5 6 8 9 11 12 13 14 15 16 | 16.1
Poison Magic   | 4 5 6 8 9 11 12 13 14 15 16 | 16.1
Stealth        | 2 3 4 5 |  5.0
Dodging        | 3 4 5 7 9 11 13 15 16 18 19 20 22 | 22.5
Fighting       | 7 8 10 | 10.0

Action                     |  1- 3 |  4- 6 |  7- 9 | 10-12 | 13-15 | 16-18 || total
---------------------------+-------+-------+-------+-------+-------+-------++-------
  Melee: Unarmed           |     4 |       |       |       |       |       ||     4
         Staff             |       |    10 |       |       |       |       ||    10
         Hand axe          |       |    16 |     4 |       |       |       ||    20
         Dagger            |       |       |    69 |       |       |       ||    69
         Quarterstaff      |       |       |     5 |    27 |     4 |     8 ||    44
   Cast: Sandblast         |    55 |    80 |   163 |    57 |    18 |       ||   373
         Stone Arrow       |       |     6 |    68 |   192 |   528 |   116 ||   910
         Kiss of Death     |       |       |     5 |       |       |       ||     5
         Blink             |       |       |     1 |       |     2 |    10 ||    13
         Lee's Rapid Decon |       |       |       |     9 |    34 |   162 ||   205
         Swiftness         |       |       |       |       |     6 |     4 ||    10
         Leda's Unmaking   |       |       |       |       |   114 |   281 ||   395
         Petrify           |       |       |       |       |       |    15 ||    15
         Tukima's Dance    |       |       |       |       |       |     8 ||     8
         Enfeeble          |       |       |       |       |       |     1 ||     1
  Evoke: Wand              |       |       |       |       |     2 |     4 ||     6
    Use: Potion            |       |     2 |       |       |     1 |     5 ||     8
         Scroll            |       |       |    20 |     8 |     5 |     7 ||    40
 Armour: Robe              |    11 |    12 |    30 |     9 |    24 |    14 ||   100
         Steam dragon scal |       |       |       |    10 |       |       ||    10
  Dodge: Dodged            |    35 |    91 |   216 |   207 |   297 |   320 ||  1166

Table legend: (Time is in decaauts)
 A = Elapsed time spent in this place.
 B = Non-inter-level travel time spent in this place.
 C = Inter-level travel time spent in this place.
 D = Time resting spent in this place.
 E = Time spent auto-exploring this place.
 F = Levels seen in this place.
 G = Mean time per level.
                   A        B        C        D        E       F      G
               +--------+--------+--------+--------+--------+-----+--------+
         Total |  35506 |  33443 |   2063 |   5339 |  22090 |  30 | 1183.5 |
       Dungeon |  16546 |  15662 |    884 |   1640 |  11491 |  15 | 1103.1 |
        Temple |     98 |     98 |      0 |     84 |      0 |   1 |   98.0 |
          Lair |  10168 |   9492 |    676 |   2055 |   5780 |   5 | 2033.6 |
        Shoals |   1157 |   1084 |     73 |     73 |    806 |   1 | 1157.0 |
     Snake Pit |   2741 |   2608 |    133 |    770 |   1348 |   3 |  913.7 |
  Orcish Mines |   3062 |   2766 |    296 |    654 |   1572 |   2 | 1531.0 |
         Sewer |    280 |    280 |      0 |      0 |    195 |   1 |  280.0 |
       Ossuary |    421 |    421 |      0 |     28 |    182 |   1 |  421.0 |
      Ice Cave |   1029 |   1029 |      0 |     35 |    716 |   1 | 1029.0 |
               +--------+--------+--------+--------+--------+-----+--------+

Top non-repeatable levels by time:
  Lair:5: 2911 daAuts
  Lair:2: 1921 daAuts
     D:9: 1921 daAuts
  Lair:3: 1896 daAuts
   Orc:2: 1807 daAuts
  Lair:4: 1764 daAuts
    D:13: 1713 daAuts
  Lair:1: 1674 daAuts
 Snake:1: 1669 daAuts
     D:3: 1486 daAuts
    D:12: 1470 daAuts
     D:8: 1453 daAuts
    D:14: 1398 daAuts
   Orc:1: 1255 daAuts
Shoals:1: 1157 daAuts
